 Dungeon Crawl Stone Soup version 0.23.2-1-ga50397a (webtiles) character file.

Game seed: 13018638948278369006

217 d3adstar the Skirmisher (level 5, -11/48 HPs)
             Began as a Minotaur Fighter on May 30, 2019.
             Killed by divine providence
             ... invoked by an orc priest
              (14 damage)
             ... on level 4 of the Dungeon.
             The game lasted 00:12:10 (1269 turns).

d3adstar the Skirmisher (Minotaur Fighter)          Turns: 1269, Time: 00:12:11

Health: -11/48     AC: 15    Str: 21    XL:     5   Next: 62%
Magic:  4/4        EV:  8    Int:  5    God:
Gold:   73         SH:  9    Dex: 10    Spells: 4/4 levels left

rFire    . . .     SeeInvis .   u - +2 dagger (protect)
rCold    . . .     Gourm    .   c - +0 shield
rNeg     . . .     Faith    .   b - +0 scale mail
rPois    .         Spirit   .   (helmet restricted)
rElec    .         Reflect  .   (no cloak)
rCorr    .         Harm     .   t - +0 pair of gloves
MR       .....                  (no boots)
Stlth    ..........             (no amulet)
HPRegen  0.16/turn              (no ring)
MPRegen  0.09/turn              (no ring)

@: protection aura
A: retaliatory headbutt, horns 2
a: no special abilities


You were on level 4 of the Dungeon.
You were not hungry.

You visited 1 branch of the dungeon, and saw 4 of its levels.

You collected 73 gold pieces.

Inventory:

Hand Weapons
 a - a +0 long sword
 h - a +0 club
 i - a +0 club
 j - a +0 dagger
 m - a +0 club
 n - a cursed -2 short sword
 o - a +0 dagger
 q - a +0 dagger
 r - a +0 whip
 s - a +0 mace
 u - a +2 dagger of protection (weapon)
Missiles
 d - 60 stones (quivered)
 e - 38 bolts
 l - 23 sling bullets
Armour
 b - a +0 scale mail (worn)
 c - a +0 shield (worn)
 t - a +0 pair of gloves (worn)
Scrolls
 g - 2 scrolls of teleportation
 k - a scroll of amnesia
 v - a scroll of remove curse
 w - a scroll of immolation
Potions
 p - a potion of magic
Comestibles
 f - 3 rations


   Skills:
 + Level 5.1 Fighting
 + Level 4.3 Long Blades
 + Level 0.1 Throwing
 + Level 4.6 Armour
 + Level 0.9 Dodging
 + Level 4.6 Shields


You had 4 spell levels left.
You didn't know any spells.
Your spell library was empty.

Dungeon Overview and Level Annotations

Branches:
Dungeon (4/15)
 Temple: D:4-7

Altars:
Ru


Innate Abilities, Weirdness & Mutations

You reflexively headbutt those who attack you in melee.
You have a pair of horns on your head.


Message History

The orc priest invokes the aid of Beogh against you.
Beogh smites you!
* * * LOW HITPOINT WARNING * * *
You closely miss the orc wizard.
You headbutt the orc wizard, but do no damage.
The orc wizard is severely wounded.
You block something's attack.
The orc wizard hits you but does no damage.
The orc hits you but does no damage. You block the orc's attack.
You hit the orc wizard.
You kill the orc wizard!
Your Fighting skill increases to level 5!
You block something's attack. The orc hits you.
* * * LOW HITPOINT WARNING * * *
You block the orc's attack.
You hit the orc but do no damage.
The orc is severely wounded.
The orc priest mumbles some strange prayers to Beogh against you.
Beogh smites you!
You die...

#####.#########
#.# ######.##
#># #.......#
#.. #.####..#
#... ###..#
#....
#....####....
#.....
#.##............
#......
#.....<.###.....
#......
####...)@.o..#.
#..##ooo....#
#.. #.#o.....
#.. ......###
#.. ........ #.
#.........
.........#
####.#.#.#


You could see 2 orc priests and 3 orcs.

Vanquished Creatures
  A phantom (D:3)
  A crimson imp (D:3)
  An orc wizard (D:4)
  2 adders
  A worm (D:3)
  An orc (D:4)
  4 bats
  2 giant cockroaches
  4 goblins
  3 hobgoblins (D:1)
  7 jackals (D:1)
  3 kobolds
  A quokka (D:2)
  A frilled lizard (D:2)
  19 rats
51 creatures vanquished.

Notes
Turn   | Place    | Note
-------+----------+-------------------------------------------
     0 | D:1      | d3adstar the Minotaur Fighter began the quest for the Orb.
     0 | D:1      | Reached XP level 1. HP: 19/19 MP: 0/0
    83 | D:1      | Reached XP level 2. HP: 26/27 MP: 1/1
    92 | D:1      | Reached skill level 4 in Fighting
   593 | D:2      | Reached XP level 3. HP: 29/33 MP: 2/2
   904 | D:3      | Found a sacrificial altar of Ru.
   931 | D:3      | Noticed a phantom
   940 | D:3      | Reached XP level 4. HP: 25/41 MP: 3/3
  1139 | D:3      | Killed a phantom
  1139 | D:3      | Reached XP level 5. HP: 14/47 MP: 4/4
  1268 | D:4      | Reached skill level 5 in Fighting
  1269 | D:4      | Killed from afar by an orc priest

Skill      XL: |  1  2  3  4  5 |
---------------+----------------+-----
Fighting       | 4 5 |  5.1
Armour         | 4 |  4.6
Shields        | 4 |  4.6
Long Blades    | 3 4 |  4.3
Throwing       | |  0.1
Dodging        | |  0.9

Action                   |  1- 3 |  4- 6 || total
-------------------------+-------+-------++-------
Melee: Long sword        |    96 |    24 ||   120
       Headbutt          |    16 |    10 ||    26
       Dagger            |       |    16 ||    16
Throw: Stone             |     1 |       ||     1
  Use: Potion            |     4 |     1 ||     5
       Scroll            |     3 |     3 ||     6
  Eat: Ration            |       |     1 ||     1
Armor: Scale mail        |    48 |    14 ||    62
Dodge: Dodged            |    31 |    17 ||    48
Block: Shield            |    47 |    25 ||    72
       Rpst.: Long sword |    13 |     4 ||    17
